[Event "Titled Tuesday Blitz November 08 Early 2022"]
[White "Aizpurua, Patrick Emilio"]
[Black "Dardha, Daniel"]
[WhiteFideId "6600522"]
[BlackFideId "240990"]
[WhiteElo "2378"]
[BlackElo "2528"]
[Result "0-1"]
[Round "02"]
[TimeControl "180+1"]
[Date "2022.11.09"]
[WhiteClock "0:00:33"]
[BlackClock "0:01:41"]

1. d4 d5 2. c4 c6 3. Nf3 Nf6 4. Nc3 e6 5. e3 Nbd7 6. Bd3 Bd6 7. O-O O-O 8. e4 dxc4 9. Bxc4 e5 10. Bg5 h6 11. Bh4 Qc7 12. Rc1 exd4 13. Qxd4 Ng4 14. Bg3 Bxg3 15. hxg3 Qb6 16. Qxb6 axb6 17. Bb3 b5 18. Rfd1 Nde5 19. Nxe5 Nxe5 20. f3 Re8 21. Ne2 Be6 22. Bxe6 Rxe6 23. a3 g6 24. f4 Nc4 25. e5 Re7 26. Rb1 f6 27. f5 gxf5 28. e6 Rxe6 29. Rd7 Rxe2 0-1


[Site "https://www.chess.com"]

[Event "Titled Tuesday Blitz November 08 Early 2022"]
[White "Al-Tarboush, Ward"]
[Black "Le, Tuan Minh"]
[WhiteFideId "7601450"]
[BlackFideId "12401153"]
[WhiteElo "2273"]
[BlackElo "2530"]
[Result "0-1"]
[Round "02"]
[TimeControl "180+1"]
[Date "2022.11.08"]
[WhiteClock "0:00:36"]
[BlackClock "0:01:44"]

1. e4 c5 2. Nf3 Nf6 3. e5 Nd5 4. Nc3 e6 5. Nxd5 exd5 6. d4 Nc6 7. dxc5 Bxc5 8. Qxd5 d6 9. exd6 Qb6 10. Be3 Bxe3 11. Qe4+ Be6 12. Qxe3 Qxb2 13. d7+ Kxd7 14. Rd1+ Kc7 15. Be2 Rad8 16. O-O Rxd1 17. Rxd1 Rd8 18. Qf4+ Kc8 19. Rxd8+ Nxd8 20. h3 Qxc2 21. Nd4 Qc7 22. Qh4 h6 23. Nb5 Qc1+ 24. Kh2 a6 25. Nd6+ Kd7 26. Qd4 Nc6 27. Qd3 Qf4+ 0-1


[Site "https://www.chess.com"]

[Event "Titled Tuesday Blitz November 08 Early 2022"]
[White "Alahakoon, Isuru"]
[Black "Jeet, Jain"]
[WhiteFideId "9900993"]
[BlackFideId "5073022"]
[WhiteElo "2004"]
[BlackElo "2067"]
[Result "0-1"]
[Round "02"]
[TimeControl "180+1"]
[Date "2022.11.09"]
[WhiteClock "0:00:06"]
[BlackClock "0:01:01"]

1. Nf3 g6 2. d4 Bg7 3. e4 d6 4. Nc3 Bg4 5. Be3 Nc6 6. Be2 e5 7. dxe5 dxe5 8. Qc1 Bxf3 9. Bxf3 Nd4 10. Bd1 Ne7 11. O-O O-O 12. Ne2 c5 13. c3 Ne6 14. Bb3 Rc8 15. Bc4 Qd7 16. f4 Nxf4 17. Nxf4 exf4 18. Bxf4 b5 19. Rd1 Qb7 20. Bd5 Nxd5 21. exd5 Rcd8 22. d6 Rfe8 23. Qd2 Rd7 24. Qd5 Qb6 25. Re1 c4+ 26. Kh1 Red8 27. Re7 Rxe7 28. dxe7 Rxd5 29. e8=Q+ Bf8 30. Rf1 Qd8 31. Qxd8 Rxd8 32. g3 Bc5 33. Kg2 a5 34. Kf3 a4 35. Ke2 f5 36. Rd1 Rxd1 37. Kxd1 Kf7 38. Kc2 Ke6 39. b3 Kd5 0-1


[Site "https://www.chess.com"]

[Event "Titled Tuesday Blitz November 08 Early 2022"]
[White "Andrews, Todd"]
[Black "Levine, David"]
[WhiteFideId "2012456"]
[BlackFideId "2011611"]
[WhiteElo "2426"]
[BlackElo "2180"]
[Result "1-0"]
[Round "02"]
[TimeControl "180+1"]
[Date "2022.11.09"]
[WhiteClock "0:01:59"]
[BlackClock "0:01:24"]

1. e4 e5 2. Nf3 Nc6 3. d4 exd4 4. Nxd4 Nf6 5. Nxc6 bxc6 6. Bd3 d5 7. e5 Ng4 8. Bf4 g5 9. Bg3 h5 10. h3 Nh6 11. Nd2 Nf5 12. Bh2 Be6 13. c3 Rb8 14. Qc2 Qd7 15. O-O-O Bh6 16. Kb1 Ke7 17. Rhe1 c5 18. Ka1 c4 19. Nxc4 dxc4 20. Bxf5 Qb5 21. Bxe6 Kxe6 22. g4 hxg4 23. hxg4 Ke7 24. e6 f6 25. Bxc7 1-0


[Site "https://www.chess.com"]

[Event "Titled Tuesday Blitz November 08 Early 2022"]
[White "Anton Guijarro, David"]
[Black "Belozerov, Andrei"]
[WhiteFideId "2285525"]
[BlackFideId "4120213"]
[WhiteElo "2579"]
[BlackElo "2360"]
[Result "1-0"]
[Round "02"]
[TimeControl "180+1"]
[Date "2022.11.08"]
[WhiteClock "0:00:20"]
[BlackClock "0:00:23"]

1. e4 e6 2. Nc3 d5 3. Nf3 d4 4. Ne2 c5 5. Ng3 Nc6 6. Bb5 Ne7 7. a4 a6 8. Bc4 g6 9. d3 Bg7 10. O-O O-O 11. Qe2 Qc7 12. Re1 e5 13. c3 Rb8 14. cxd4 cxd4 15. Bd2 b5 16. axb5 axb5 17. Bb3 Qd6 18. Rec1 Be6 19. Qd1 Rfc8 20. h4 h6 21. h5 g5 22. Nh2 Ra8 23. f3 Rxa1 24. Rxa1 Nb4 25. Bxe6 fxe6 26. Qb3 Nc2 27. Rc1 Ne3 28. Rxc8+ Nxc8 29. Ng4 Nxg4 30. fxg4 Qc5 31. Qxe6+ Kh7 32. Nf5 Qf8 33. Bb4 Qf6 34. Qxc8 Bf8 35. Bxf8 b4 36. Bg7 Qxg7 37. Nxg7 b3 38. Ne8 Kh8 39. Qd7 1-0


[Site "https://www.chess.com"]

[Event "Titled Tuesday Blitz November 08 Early 2022"]
[White "Arabidze, Meri"]
[Black "Bluebaum, Matthias"]
[WhiteFideId "13604040"]
[BlackFideId "24651516"]
[WhiteElo "2403"]
[BlackElo "2633"]
[Result "0-1"]
[Round "02"]
[TimeControl "180+1"]
[Date "2022.11.08"]
[WhiteClock "0:00:03"]
[BlackClock "0:01:42"]

1. Nf3 d5 2. b3 Bg4 3. Bb2 Nd7 4. d4 e6 5. Nbd2 Ngf6 6. Ne5 Nxe5 7. dxe5 Nd7 8. h3 Bh5 9. g4 Bg6 10. Bg2 h5 11. e3 c6 12. e4 hxg4 13. hxg4 Rxh1+ 14. Bxh1 Qg5 15. exd5 cxd5 16. Qe2 Rc8 17. c4 Nc5 18. Nf3 Qxg4 19. Rd1 dxc4 20. bxc4 Rd8 21. Bd4 Nd3+ 22. Rxd3 Bxd3 23. Qxd3 Bc5 24. Qb3 Bxd4 25. Qxb7 Bc3+ 0-1


[Site "https://www.chess.com"]

[Event "Titled Tuesday Blitz November 08 Early 2022"]
[White "Arencibia Monduy, Antonio"]
[Black "Hernandez Jimenez, Alexander Andres"]
[WhiteFideId "3507939"]
[BlackFideId "3900452"]
[WhiteElo "2530"]
[BlackElo "2098"]
[Result "1/2-1/2"]
[Round "02"]
[TimeControl "180+1"]
[Date "2022.11.09"]
[WhiteClock "0:00:18"]
[BlackClock "0:00:12"]

1. e4 c5 2. Nf3 d6 3. c3 Nf6 4. Be2 g6 5. O-O Bg7 6. Re1 O-O 7. d3 e5 8. h3 Nc6 9. Qc2 h6 10. Bf1 Be6 11. Be3 b6 12. d4 cxd4 13. cxd4 Rc8 14. Nc3 exd4 15. Nxd4 Nxd4 16. Bxd4 Nd7 17. Bxg7 Kxg7 18. Rad1 Qe7 19. Qd2 Ne5 20. Qxd6 Qxd6 21. Rxd6 Rfd8 22. Red1 Rxd6 23. Rxd6 Nc4 24. Bxc4 Rxc4 25. f4 b5 26. a3 a5 27. f5 gxf5 28. exf5 Bxf5 29. Nxb5 Rc1+ 30. Kf2 Rc2+ 31. Kf3 Rxb2 32. Nd4 Bg6 33. Ra6 Rd2 34. Nc6 Rd3+ 35. Kf2 Rxa3 36. Rxa5 Rxa5 37. Nxa5 h5 38. Nc4 Kf6 39. Ke3 Kf5 40. Nd6+ Kg5 41. g3 h4 42. g4 f5 43. gxf5 Bxf5 44. Nxf5 Kxf5 45. Kf3 Kg5 46. Ke4 Kf6 47. Kf4 Kg6 48. Kg4 Kh6 49. Kxh4 Kg6 50. Kg4 Kh6 51. h4 Kg6 52. h5+ Kh6 53. Kh4 Kh7 54. Kg5 Kg7 55. h6+ Kh7 56. Kh5 Kh8 57. Kg6 Kg8 58. h7+ Kh8 59. Kh6 1/2-1/2


[Site "https://www.chess.com"]

[Event "Titled Tuesday Blitz November 08 Early 2022"]
[White "Artemenko, Oleg"]
[Black "Buscar, Michael"]
[WhiteFideId "14201798"]
[BlackFideId "2603616"]
[WhiteElo "2287"]
[BlackElo "2010"]
[Result "1-0"]
[Round "02"]
[TimeControl "180+1"]
[Date "2022.11.09"]
[WhiteClock "0:02:04"]
[BlackClock "0:00:10"]

1. d4 d5 2. Nc3 Nf6 3. Bf4 Bf5 4. f3 h5 5. e3 a6 6. Bd3 e6 7. Nge2 Be7 8. O-O Bxd3 9. cxd3 Nbd7 10. Rc1 Nf8 11. Qb3 Ng6 12. Qxb7 Nxf4 13. Qc6+ Nd7 14. Nxf4 h4 15. e4 Bg5 16. Nxe6 fxe6 17. Qxe6+ Kf8 18. f4 Be7 19. Nxd5 c5 20. f5 Rh6 21. Qxe7+ Qxe7 22. Nxe7 Kxe7 23. dxc5 Ne5 24. d4 Nd3 25. Rc3 Nb4 26. Rb3 Nc6 27. Rb7+ Ke8 28. d5 Ne5 29. Rxg7 Rc8 30. c6 Kd8 31. f6 Rh8 32. f7 Rf8 33. Rf5 Nc4 34. e5 Ke7 35. d6+ Ke6 36. d7 Rxc6 37. d8=Q Rxd8 38. Rf6+ Kxe5 39. Rxc6 Ne3 40. Kf2 1-0


[Site "https://www.chess.com"]

[Event "Titled Tuesday Blitz November 08 Early 2022"]
[White "Artemiev, Vladislav"]
[Black "Boyer, Mahel"]
[WhiteFideId "24101605"]
[BlackFideId "45102422"]
[WhiteElo "2802"]
[BlackElo "2454"]
[Result "1/2-1/2"]
[Round "02"]
[TimeControl "180+1"]
[Date "2022.11.08"]
[WhiteClock "0:00:04"]
[BlackClock "0:00:06"]

1. Nf3 d5 2. g3 Nf6 3. Bg2 e6 4. O-O Be7 5. b3 O-O 6. Bb2 c5 7. e3 Nc6 8. d4 b6 9. Nbd2 Ba6 10. c4 Rc8 11. Qe2 dxc4 12. Nxc4 Nd5 13. dxc5 Bxc5 14. Rac1 Qe7 15. Nfd2 Rfd8 16. Ne4 Ndb4 17. Nxc5 bxc5 18. Ba1 Nd3 19. Rcd1 Nde5 20. Qb2 Bxc4 21. bxc4 f5 22. Rxd8+ Rxd8 23. Qb1 Qc7 24. Qb5 Nb4 25. Bc3 Rb8 26. Qa4 Nxc4 27. Qb3 Nb6 28. Qxe6+ Qf7 29. Qd6 Rc8 30. Bxb4 cxb4 31. Qxb4 Qxa2 32. Qb5 Qe6 33. h4 g6 34. Rd1 Kg7 35. Qb4 Rc7 36. Rd6 Qe5 37. Bf3 Qc5 38. Qb2+ Qc3 39. Qxc3+ Rxc3 40. Kg2 Rc7 41. Be2 Nd7 42. g4 fxg4 43. Bxg4 Nf6 44. Bf3 Nd7 45. h5 Nc5 46. hxg6 hxg6 47. Be2 a5 48. Rd5 a4 49. Bc4 a3 50. Ba2 Ne4 51. Ra5 Rc2 52. Rxa3 Rxf2+ 53. Kg1 Rf3 54. Bd5 Rg3+ 55. Kh2 Rg4 56. Bxe4 Rxe4 57. Kg3 Kf6 58. Kf3 Re5 59. e4 Rb5 60. Ra6+ Ke5 61. Ke3 Rb3+ 62. Kf2 g5 63. Ra5+ Kf4 64. Rf5+ Kxe4 65. Rxg5 Kf4 66. Rg2 Rb2+ 67. Kg1 Rxg2+ 68. Kxg2 1/2-1/2


[Site "https://www.chess.com"]

[Event "Titled Tuesday Blitz November 08 Early 2022"]
[White "Avazkhonov, Alikhon"]
[Black "Sailer, Mike"]
[WhiteFideId "14208504"]
[BlackFideId "2012901"]
[WhiteElo "1739"]
[BlackElo "2109"]
[Result "1-0"]
[Round "02"]
[TimeControl "180+1"]
[Date "2022.11.09"]
[WhiteClock "0:00:06"]
[BlackClock "0:00:08"]

1. d4 d5 2. c4 Bf5 3. Nc3 e6 4. cxd5 exd5 5. Qb3 Nc6 6. Qxd5 Nxd4 7. e4 Nc2+ 8. Ke2 Qxd5 9. Nxd5 O-O-O 10. exf5 Nxa1 11. Nc3 Nc2 12. Nf3 Bc5 13. Ne4 Nd4+ 14. Nxd4 Bxd4 15. g3 Nf6 16. Bg2 Nxe4 17. Bxe4 Rhe8 18. f3 Bf6 19. Rd1 Rxd1 20. Kxd1 Rd8+ 21. Kc2 c6 22. Be3 a6 23. Bb6 Re8 24. Bc5 Kd7 25. b4 Be5 26. a4 Bd6 27. Bd4 Bxb4 28. Bxg7 Ke7 29. f6+ Ke6 30. Bxh7 Rd8 31. Bd3 c5 32. Bc4+ Kf5 33. h4 Kg6 34. g4 Rb8 35. h5+ Kh7 36. Bd3+ Kg8 37. h6 1-0


[Site "https://www.chess.com"]

[Event "Titled Tuesday Blitz November 08 Early 2022"]
[White "Averjanov, Alexey"]
[Black "Shapiro, Daniel"]
[WhiteFideId "14109867"]
[BlackFideId "2001780"]
[WhiteElo "2578"]
[BlackElo "2314"]
[Result "1-0"]
[Round "02"]
[TimeControl "180+1"]
[Date "2022.11.09"]
[WhiteClock "0:02:16"]
[BlackClock "0:00:04"]

1. d4 Nf6 2. c4 e6 3. Nf3 d5 4. e3 Nbd7 5. Nbd2 b6 6. Bd3 Bb7 7. O-O Bd6 8. Qe2 Ne4 9. b3 O-O 10. Bb2 f5 11. cxd5 exd5 12. Ne5 Nxe5 13. dxe5 Be7 14. f3 Nc5 15. f4 Nxd3 16. Qxd3 a5 17. Rfd1 Ba6 18. Qc2 c5 19. Nf3 Qd7 20. Rd2 Qe6 21. Rad1 Bb7 22. a3 Rac8 23. Kf2 g6 24. Ba1 Rfd8 25. Qb2 Bc6 26. b4 cxb4 27. Nd4 Qd7 28. e6 bxa3 29. exd7 axb2 30. dxc8=Q bxa1=Q 31. Qe6+ Kf8 32. Rxa1 Bd7 33. Qxd5 a4 34. Rad1 a3 35. Ne6+ Bxe6 36. Qxe6 Ra8 37. Rd7 Re8 38. Rxe7 1-0


[Site "https://www.chess.com"]

[Event "Titled Tuesday Blitz November 08 Early 2022"]
[White "Avramidou, Anastasia"]
[Black "Milikow, Yoav"]
[WhiteFideId "4239873"]
[BlackFideId "2822237"]
[WhiteElo "2221"]
[BlackElo "2341"]
[Result "0-1"]
[Round "02"]
[TimeControl "180+1"]
[Date "2022.11.09"]
[WhiteClock "0:00:09"]
[BlackClock "0:00:20"]

1. d4 Nf6 2. c4 e6 3. Nc3 Bb4 4. Qc2 d5 5. Nf3 O-O 6. e3 c5 7. cxd5 Nxd5 8. Bd2 Nc6 9. dxc5 Nxc3 10. Bxc3 Qa5 11. Rc1 Qxc5 12. Bd3 Bxc3+ 13. Qxc3 Qxc3+ 14. Rxc3 Rd8 15. a3 Bd7 16. Ke2 Rac8 17. Rhc1 Kf8 18. b4 Ke7 19. h4 h6 20. g3 a6 21. Rc5 Ra8 22. Nd2 Be8 23. Nb3 Rd6 24. Be4 Rad8 25. R5c2 f5 26. Bf3 e5 27. Rd2 Rxd2+ 28. Nxd2 e4 29. Bg2 Ne5 30. Rc7+ Kf6 31. Rxb7 Bb5+ 32. Ke1 Nd3+ 33. Kd1 Nxf2+ 34. Kc2 Ng4 35. Rb6+ Kf7 36. Bh3 Nxe3+ 37. Kc1 Rc8+ 38. Kb1 Bd3+ 39. Kb2 Rc2+ 40. Kb3 Rxd2 41. a4 Bc2+ 42. Kc3 Rd3+ 43. Kb2 Nc4+ 0-1


[Site "https://www.chess.com"]

[Event "Titled Tuesday Blitz November 08 Early 2022"]
[White "Bagrationi, Alexander"]
[Black "Pranav, V"]
[WhiteFideId "14104954"]
[BlackFideId "25060783"]
[WhiteElo "2398"]
[BlackElo "2430"]
[Result "0-1"]
[Round "02"]
[TimeControl "180+1"]
[Date "2022.11.08"]
[WhiteClock "0:00:05"]
[BlackClock "0:01:28"]

1. e4 c5 2. Be2 Nc6 3. f4 g6 4. Nf3 Bg7 5. c3 d6 6. d3 Nf6 7. O-O O-O 8. Kh1 e6 9. Be3 b5 10. Nbd2 Rb8 11. Qe1 b4 12. d4 bxc3 13. bxc3 cxd4 14. cxd4 Nb4 15. Qd1 Bb7 16. d5 exd5 17. e5 Ng4 18. Bxa7 Ra8 19. Bd4 Nc6 20. Bb2 Ne3 21. Qb3 Nxf1 22. Rxf1 Rb8 23. Qe3 Re8 24. Ng5 h6 25. Nxf7 Kxf7 26. f5 Nxe5 27. fxg6+ Kg8 28. Rf7 Qg5 29. Qxg5 hxg5 30. Bb5 Nxf7 31. gxf7+ Kxf7 32. Bxe8+ Rxe8 33. Bxg7 Re1+ 0-1


[Site "https://www.chess.com"]

[Event "Titled Tuesday Blitz November 08 Early 2022"]
[White "Bagwe Gaurang"]
[Black "Moroni, Luca Jr"]
[WhiteFideId "45039895"]
[BlackFideId "865834"]
[WhiteElo "1847"]
[BlackElo "2573"]
[Result "1-0"]
[Round "02"]
[TimeControl "180+1"]
[Date "2022.11.09"]
[WhiteClock "0:00:06"]
[BlackClock "0:00:07"]

1. e4 d6 2. d4 e5 3. Nf3 exd4 4. Nxd4 Nf6 5. Nc3 Be7 6. Be2 O-O 7. O-O Re8 8. Be3 Bf8 9. f3 c6 10. Qd2 a5 11. Rad1 a4 12. Bf4 Qb6 13. b3 axb3 14. axb3 Na6 15. Kh1 Nc5 16. Bc4 Ne6 17. Nxe6 Bxe6 18. Bxd6 Rad8 19. e5 Bxc4 20. bxc4 Bxd6 21. exd6 Re6 22. Na4 Qa7 23. Qb4 Nh5 24. c5 h6 25. Rfe1 Rxe1+ 26. Rxe1 Nf6 27. Qb6 Qa8 28. Nc3 Nd7 29. Qc7 Nxc5 30. Ne4 Ne6 31. Qe7 Qa5 32. Rd1 Qa4 33. d7 Qxc2 34. Rg1 Qc4 35. Qe8+ Kh7 36. Qxf7 Qd4 37. Qxe6 Qxd7 38. Qxd7 Rxd7 39. Rb1 b5 40. Kg1 Kg6 41. Kf2 Rd4 42. Rc1 b4 43. Rxc6+ Kf7 44. Ke3 Rd1 45. Rb6 Re1+ 46. Kf2 Rb1 47. h4 Rb2+ 48. Kg3 g6 49. h5 gxh5 50. Rxh6 b3 51. Rxh5 Rc2 52. Rb5 b2 53. Nf2 Rd2 54. Rb3 Ke6 55. Ne4 Rc2 56. Kf4 Kd5 57. g4 Kc4 58. Rb8 Rg2 59. g5 Kd3 60. Kf5 Kc2 61. f4 Rh2 62. g6 Rh3 63. Rxb2+ Kxb2 64. g7 Ra3 65. g8=Q Ra5+ 66. Kg4 Ra1 67. Qg7+ Kc1 68. Ng5 Ra2 69. Qf6 Rg2+ 70. Kf5 Rc2 71. Kg6 Rc5 72. f5 Kc2 73. Qe6 Kd3 74. f6 1-0


[Site "https://www.chess.com"]

[Event "Titled Tuesday Blitz November 08 Early 2022"]
[White "Balkum, Alexander"]
[Black "Goltsev, Dmitry"]
[WhiteFideId "2005069"]
[BlackFideId "24176710"]
[WhiteElo "2357"]
[BlackElo "2289"]
[Result "0-1"]
[Round "02"]
[TimeControl "180+1"]
[Date "2022.11.09"]
[WhiteClock "0:00:08"]
[BlackClock "0:01:34"]

1. e4 e6 2. d4 d5 3. Nc3 Nf6 4. Bg5 dxe4 5. Nxe4 Be7 6. Bxf6 gxf6 7. Nf3 b6 8. Bd3 Bb7 9. Qe2 Nd7 10. O-O-O c6 11. Kb1 Qc7 12. Rhe1 O-O-O 13. Ba6 Nf8 14. Bxb7+ Kxb7 15. c4 Ng6 16. g3 Rd7 17. a3 Rhd8 18. Rd2 c5 19. dxc5 Bxc5 20. Nxc5+ Qxc5 21. Red1 Rxd2 22. Rxd2 Rxd2 23. Nxd2 Ne5 24. f4 Nc6 25. Qd3 Qd4 26. Qxd4 Nxd4 27. Ne4 f5 28. Nd6+ Kc6 29. Nxf7 Nf3 30. h4 Nd2+ 31. Kc2 Nxc4 32. Ng5 Ne3+ 33. Kd3 Nf1 34. Nxh7 Nxg3 35. Nf6 Kd6 36. Ne8+ Kd7 37. Ng7 Ke7 38. h5 Kf7 39. h6 Kg6 40. Nxe6 Kxh6 41. Kd4 Kh5 42. Ke5 Kg4 43. Nd4 a6 44. a4 Nh5 45. Nxf5 Nxf4 46. Nd6 Nd3+ 47. Kd5 Nxb2 48. a5 bxa5 49. Nc4 a4 50. Nxb2 a3 51. Kc4 axb2 0-1


[Site "https://www.chess.com"]

[Event "Titled Tuesday Blitz November 08 Early 2022"]
[White "Barash, Anton"]
[Black "Goncalves, Davi Sulzbacher"]
[WhiteFideId "30935229"]
[BlackFideId "2154510"]
[WhiteElo "2241"]
[BlackElo "2182"]
[Result "1-0"]
[Round "02"]
[TimeControl "180+1"]
[Date "2022.11.09"]
[WhiteClock "0:00:17"]
[BlackClock "0:00:12"]

1. e4 c5 2. Nf3 d6 3. d4 cxd4 4. Nxd4 Nf6 5. Nc3 a6 6. Bg5 Nbd7 7. f4 h6 8. Bh4 e6 9. Qe2 Be7 10. O-O-O Qc7 11. Nf3 b5 12. e5 dxe5 13. fxe5 Ng8 14. Ne4 Nxe5 15. Nxe5 Qxe5 16. Nd6+ Qxd6 17. Rxd6 Bxd6 18. Qf3 g5 19. Qxa8 Ne7 20. Bg3 e5 21. Be2 O-O 22. Rd1 Bc5 23. Qe4 f6 24. Bh5 Kg7 25. h4 Bf5 26. Qb7 Rc8 27. Rd2 Be3 28. Qxe7+ Kg8 29. c3 Bxd2+ 30. Kxd2 Rf8 31. hxg5 hxg5 32. Bf2 b4 33. Bc5 bxc3+ 34. bxc3 Rb8 35. Qf7+ Kh8 36. Qxf6+ Kg8 37. Bf7+ Kh7 38. Qxf5+ Kg7 39. Qg6+ 1-0


[Site "https://www.chess.com"]

[Event "Titled Tuesday Blitz November 08 Early 2022"]
[White "Barria Santos, Jose Guilherme"]
[Black "Manon-og, Ramon Jr."]
[WhiteFideId "1939300"]
[BlackFideId "5200776"]
[WhiteElo "2273"]
[BlackElo "2268"]
[Result "0-1"]
[Round "02"]
[TimeControl "180+1"]
[Date "2022.11.09"]
[WhiteClock "0:00:01"]
[BlackClock "0:00:53"]

1. e4 c5 2. Nf3 d6 3. d4 cxd4 4. Qxd4 Nc6 5. Bb5 Bd7 6. Bxc6 Bxc6 7. Nc3 e5 8. Qd3 Be7 9. Nd2 Nf6 10. Nc4 O-O 11. Bg5 Rc8 12. Bxf6 gxf6 13. Ne3 Bd7 14. O-O Be6 15. f4 Kh8 16. f5 Bd7 17. Rf3 Rg8 18. Rh3 Rg7 19. Ncd5 Bc6 20. c4 a6 21. Rd1 b5 22. b3 bxc4 23. Nxc4 Bf8 24. Rf1 a5 25. a4 Rb8 26. Kh1 Bxd5 27. Qxd5 Rb4 28. Qd3 Qb8 29. Rh6 Rxb3 30. Qd5 Rb1 31. Qd3 Rxf1+ 32. Qxf1 Rxg2 33. Rxh7+ Kxh7 34. Kxg2 Qb3 35. Qe2 Bh6 36. Nxa5 Qxa4 37. Nc4 Qb4 38. Qd3 Qe1 39. Nxd6 Qh4 40. Qg3 Qh5 41. Qf3 Qg5+ 42. Kh3 Qd2 43. Nxf7 Bf4 44. Qh5+ Kg7 45. Qg5+ Bxg5 0-1


[Site "https://www.chess.com"]

[Event "Titled Tuesday Blitz November 08 Early 2022"]
[White "Beerdsen, Thomas"]
[Black "Akylbekov, Nasyr"]
[WhiteFideId "1030108"]
[BlackFideId "13800353"]
[WhiteElo "2567"]
[BlackElo "2310"]
[Result "1-0"]
[Round "02"]
[TimeControl "180+1"]
[Date "2022.11.09"]
[WhiteClock "0:02:28"]
[BlackClock "0:01:20"]

1. g4 e5 2. Bg2 d5 3. g5 c6 4. h4 Bd6 5. c4 Be6 6. cxd5 cxd5 7. Qb3 Ne7 8. Nc3 e4 9. h5 Qb6 10. Qxb6 axb6 11. Nb5 Be5 12. d4 exd3 13. f4 Ra5 14. a4 d2+ 15. Bxd2 Bxb2 16. Rb1 Rxa4 17. Rxb2 Ra1+ 18. Kf2 O-O 19. Nf3 Rxh1 20. Bxh1 Nbc6 21. Nbd4 Nf5 22. Nxf5 Bxf5 23. Rxb6 1-0


[Site "https://www.chess.com"]

[Event "Titled Tuesday Blitz November 08 Early 2022"]
[White "Begunov, Konstantin"]
[Black "Flis, Pawel"]
[WhiteFideId "4118510"]
[BlackFideId "1112864"]
[WhiteElo "2140"]
[BlackElo "1817"]
[Result "1-0"]
[Round "02"]
[TimeControl "180+1"]
[Date "2022.11.09"]
[WhiteClock "0:00:23"]
[BlackClock "0:00:01"]

1. d4 c5 2. dxc5 e6 3. Nc3 Bxc5 4. Ne4 Be7 5. Nd6+ Bxd6 6. Qxd6 Nf6 7. b3 Qa5+ 8. Bd2 Qd5 9. Qxd5 Nxd5 10. e4 Nf6 11. e5 Nd5 12. c4 Nc7 13. Bb4 Nc6 14. Bd6 Na6 15. O-O-O b6 16. Ne2 Nc5 17. Nc3 f6 18. exf6 gxf6 19. Bxc5 bxc5 20. Ne4 Kf7 21. Nxc5 Ne5 22. Nd3 Ng6 23. g3 Bb7 24. Rg1 Bf3 25. Rd2 d5 26. cxd5 Bxd5 27. f4 Rhc8+ 28. Kb2 Rc7 29. Nb4 Be4 30. Bg2 Bxg2 31. Rgxg2 a5 32. Nc2 Rac8 33. Nd4 Ne7 34. Rge2 Rc5 35. Nxe6 Rh5 36. Nd4 Nf5 37. Nxf5 Rxf5 38. Re3 Rfc5 39. Red3 Rc1 40. Rd7+ Kg6 41. Ra7 R8c5 42. Ra6 Kf5 43. Rdd6 R5c2+ 44. Ka3 Rxh2 45. Rxf6+ Kg4 46. Rh6 1-0


[Site "https://www.chess.com"]

[Event "Titled Tuesday Blitz November 08 Early 2022"]
[White "Berdychevskaya, Natasha"]
[Black "Darini, Pouria"]
[WhiteFideId "4159322"]
[BlackFideId "12502200"]
[WhiteElo "2108"]
[BlackElo "2483"]
[Result "1/2-1/2"]
[Round "02"]
[TimeControl "180+1"]
[Date "2022.11.09"]
[WhiteClock "0:00:03"]
[BlackClock "0:00:03"]

1. d4 Nf6 2. c4 e6 3. Nc3 Bb4 4. Qc2 O-O 5. Bg5 d5 6. e3 h6 7. Bxf6 Qxf6 8. Nf3 c5 9. a3 Bxc3+ 10. Qxc3 cxd4 11. Qxd4 Qxd4 12. Nxd4 dxc4 13. Bxc4 Nd7 14. Ke2 Ne5 15. Bb3 b6 16. Ba4 Bb7 17. f3 Rac8 18. Rac1 Nc4 19. Rc2 Rc5 20. b4 Rcc8 21. Rc3 Nb2 22. Bc6 Na4 23. Rc2 Bxc6 24. Nxc6 Rc7 25. Rhc1 f6 26. Nd4 Rxc2+ 27. Rxc2 e5 28. Nf5 Rd8 29. Ne7+ Kf7 30. Nc6 Rd7 31. e4 b5 32. Na5 Nb6 33. Rc5 Na4 34. Rc2 h5 35. h4 Nb6 36. Rc5 Na4 37. Rc2 a6 38. Nc6 g5 39. hxg5 Nb6 40. gxf6 Kxf6 41. Nb8 Rd6 42. Nc6 Nc4 43. Na5 Nxa3 44. Ra2 Nc4 45. Nxc4 bxc4 46. Rc2 Rc6 47. Kd2 Kg5 48. Kc3 Kf4 49. Rd2 Kg3 50. Re2 h4 51. Rd2 Rc7 52. Rc2 Rc8 53. Rd2 Kf4 54. Rc2 Ke3 55. Rd2 Rb8 56. Rd5 Rg8 57. Rxe5 Rxg2 58. Kxc4 Kxf3 59. Rh5 Kg4 60. Rh8 Re2 61. Kd3 Re1 62. Kd4 Rb1 63. Kc5 h3 64. e5 Re1 65. Kd6 Kg3 66. e6 Rd1+ 67. Kc7 h2 68. e7 Re1 69. Kd7 Rd1+ 70. Ke6 Re1+ 71. Kf7 Rf1+ 72. Ke6 Re1+ 73. Kd7 Rd1+ 74. Ke6 Re1+ 1/2-1/2


[Site "https://www.chess.com"]

[Event "Titled Tuesday Blitz November 08 Early 2022"]
[White "Biastoch, Bennet"]
[Black "Marin Ramirez, Gerardo"]
[WhiteFideId "12939889"]
[BlackFideId "3901068"]
[WhiteElo "2221"]
[BlackElo "2041"]
[Result "1-0"]
[Round "02"]
[TimeControl "180+1"]
[Date "2022.11.09"]
[WhiteClock "0:00:37"]
[BlackClock "0:00:06"]

1. e4 c5 2. Nf3 d6 3. d4 cxd4 4. Nxd4 Nf6 5. Nc3 a6 6. Rg1 e5 7. Nb3 Be6 8. g4 h6 9. h4 Nbd7 10. g5 hxg5 11. hxg5 Nh5 12. Be2 Nf4 13. Bxf4 exf4 14. Nd4 Ne5 15. g6 Qb6 16. gxf7+ Bxf7 17. Qd2 O-O-O 18. O-O-O Kb8 19. Qxf4 g6 20. Kb1 Bh6 21. Qg3 Rc8 22. Nd5 Bxd5 23. exd5 Qc5 24. f4 Nc4 25. Bxc4 Qxc4 26. Qxg6 Bxf4 27. Qe4 Be5 28. c3 Qc5 29. Ne6 Qb6 30. Nd4 Rxc3 31. Rg6 Rc4 32. Qxe5 dxe5 33. Rxb6 Rxd4 34. Rxd4 exd4 35. d6 Rd8 36. a4 a5 37. Kc2 Ka7 38. Rb5 Rxd6 39. Rxa5+ Kb6 40. Rg5 Kc6 41. Kd3 Rf6 42. b4 Rf4 43. Kc4 d3+ 44. Kc3 Rxb4 45. Kxb4 d2 46. Rg1 d1=Q 47. Rxd1 1-0


[Site "https://www.chess.com"]

[Event "Titled Tuesday Blitz November 08 Early 2022"]
[White "Bilan, Danila"]
[Black "Matveeva, Olga"]
[WhiteFideId "24161918"]
[BlackFideId "24107018"]
[WhiteElo "2173"]
[BlackElo "2055"]
[Result "1-0"]
[Round "02"]
[TimeControl "180+1"]
[Date "2022.11.09"]
[WhiteClock "0:00:07"]
[BlackClock "0:00:03"]

1. d4 Nf6 2. Nf3 g6 3. Bg5 Bg7 4. Nbd2 d5 5. e3 O-O 6. c4 c6 7. Bd3 Bg4 8. h3 Bxf3 9. Nxf3 dxc4 10. Bxc4 Nbd7 11. O-O Qa5 12. a3 e5 13. b4 Qc7 14. dxe5 Nxe5 15. Nxe5 Qxe5 16. Bf4 Qf5 17. Rc1 Rad8 18. Qc2 Qxc2 19. Rxc2 Rd7 20. f3 Rfd8 21. e4 Nh5 22. Bg5 Bd4+ 23. Kh2 Bf6 24. Be3 Be5+ 25. f4 Bb8 26. e5 Ng7 27. g4 h5 28. Kg3 Kh7 29. Kf3 Ne6 30. Ke4 Nc7 31. f5 Nd5 32. Bg5 Re8 33. e6 fxe6 34. f6 Rf7 35. Rcf2 Bc7 36. gxh5 gxh5 37. Kf3 Bb6 38. Bd3+ Kh8 39. Rg2 Rg8 40. h4 Nxf6 41. Ke2 Rgf8 42. Bg6 Bd4 43. Bxf7 Rxf7 44. Bxf6+ Rxf6 45. Rxf6 Bxf6 46. Rg6 Bxh4 47. Rh6+ Kg7 48. Rxh5 Bf6 49. Kd3 Bb2 50. a4 Ba3 51. Kc4 Kf6 52. Rh1 e5 53. Kb3 Bxb4 54. Kxb4 Ke6 55. Kc4 Kd6 56. Rh6+ Kc7 57. Re6 b5+ 58. axb5 cxb5+ 59. Kxb5 1-0


[Site "https://www.chess.com"]